 Dungeon Crawl Stone Soup version 0.26.0-10-g1f06aea511 (webtiles) character file.

Game seed: 18014611832062312454

2556 funkygono the Stinger (level 9, -2/58 HPs)
             Began as a Demonspawn Venom Mage on Jan 24, 2021.
             Was a Believer of Vehumet.
             Slain by a swamp worm (11 damage)
             ... on level 7 of the Dungeon.
             The game lasted 00:32:39 (10073 turns).

funkygono the Stinger (Demonspawn Venom Mage)      Turns: 10073, Time: 00:32:39

Health: -2/58      AC: 15    Str:  8    XL:     9   Next: 31%
Magic:  0/16       EV: 12    Int: 24    God:    Vehumet [**....]
Gold:   415        SH:  0    Dex: 13    Spells: 8/18 levels left

rFire    + . .     SeeInvis .   d - +4 quarterstaff (chaos)
rCold    + . .     Faith    .   (shield currently unavailable)
rNeg     . . .     Spirit   +   B - +0 robe {rC+ rF+}
rPois    .         Reflect  .   t - +1 helmet {Int+3}
rElec    .         Harm     .   r - +1 cloak
rCorr    .         Rampage  .   u - +0 pair of gloves
Will     .....                  (no boots)
Stlth    +.........             (no amulet)
HPRegen  0.19/turn              q - +4 ring of protection
MPRegen  0.15/turn              (no ring)

@: very slow
A: talons 2, iridescent scales 2, magic shield
a: Renounce Religion


You were on level 7 of the Dungeon.
You worshipped Vehumet.
Vehumet was pleased with you.
You visited 1 branch of the dungeon, and saw 7 of its levels.

You collected 415 gold pieces.

Inventory:

Hand Weapons
 d - a +4 quarterstaff of chaos (weapon)
 f - a +0 whip
Armour
 a - a +1 robe
 c - a +1 helmet
 o - a +0 kite shield
 r - a +1 cloak (worn)
 t - a +1 helmet of intelligence (worn)
 u - a +0 pair of gloves (worn)
 B - a +0 robe of resistance (worn)
Magical Staves
 y - an uncursed staff of air
Jewellery
 q - a +4 ring of protection (left hand)
Wands
 v - a wand of disintegration (19)
 x - a wand of digging (4)
 A - a wand of polymorph (9)
 C - a wand of random effects (28)
Scrolls
 e - 8 scrolls of remove curse
 h - a scroll of blinking
 n - 9 scrolls of identify
 p - 3 scrolls of magic mapping
 w - a scroll of holy word {unknown}
 z - a scroll of teleportation
Potions
 b - 3 potions of mutation
 g - a potion of cancellation
 i - 6 potions of curing
 j - 2 potions of brilliance
 k - a potion of ambrosia
 l - 2 potions of flight
 m - a potion of might
 s - 2 potions of attraction
 D - a potion of degeneration {unknown}


   Skills:
 + Level 0.6 Fighting
 + Level 0.6(1.2) Maces & Flails
 + Level 1.5(1.6) Staves
 + Level 2.3 Dodging
 + Level 2.7 Stealth
 * Level 5.2 Spellcasting
 * Level 4.5 Conjurations
 * Level 4.6 Transmutations
 * Level 3.1 Fire Magic
 * Level 3.8 Air Magic
 * Level 6.6 Poison Magic


You had 8 spell levels left.
You knew the following spells:

 Your Spells              Type           Power        Failure   Level
a - Sting                 Tmut/Pois      100%         1%          1
b - Poisonous Vapours     Pois/Air       62%          1%          2
c - Ignite Poison         Fire/Tmut/Pois 29%          3%          3
d - Mephitic Cloud        Conj/Pois/Air  30%          3%          3
e - Foxfire               Conj/Fire      96%          1%          1

Your spell library contained the following spells:

 Spells                   Type           Power        Failure   Level
 Conjure Flame            Conj/Fire      24%          5%          3
 Passwall                 Tmut/Erth      14%          4%          2
 Olgreb's Toxic Radiance  Pois           37%          6%          4
 Corona                   Hex            6%           9%          1
 Sandblast                Erth           12%          9%          1
 Dazzling Flash           Conj/Hex       34%          11%         3
 Stone Arrow              Conj/Erth      34%          11%         3
 Ensorcelled Hibernation  Hex/Ice        12%          13%         2
 Confusing Touch          Hex            6%           26%         3
 Gell's Gravitas          Tloc           3%           26%         3
 Tukima's Dance           Hex            6%           26%         3
 Petrify                  Tmut/Erth      17%          32%         4
 Yara's Violent Unravell  Hex/Tmut       8%           67%         5
 Lee's Rapid Deconstruct  Erth           3%           94%         5
 Metabolic Englaciation   Hex/Ice        3%           94%         5


Dungeon Overview and Level Annotations

Branches:
Dungeon (7/15)             Temple (0/1) D:4

Altars:
Cheibriados
Dithmenos
Gozag
Kikubaaqudgha
Qazlal
Trog
Uskayaw
Vehumet
Wu Jian
Xom

Shops:
D:5 ?


Innate Abilities, Weirdness & Mutations

You have razor-sharp toenails.
You are mostly covered in iridescent scales. (AC +4)
When hurt, damage is shared between your health and your magic reserves.


Message History

The harpoon shot hits you!
You are yanked forward by the harpoon shot.
Splash!
The swamp worm looks more healthy.
A nearby plant withers and dies.
The swamp worm fires a harpoon shot at you.
The harpoon shot misses you.
The swamp worm bites you but does no damage.
The swamp worm fires a harpoon shot at you.
The harpoon shot hits you!
* * * LOW HITPOINT WARNING * * *
You are yanked forward by the harpoon shot.
The swamp worm fires a harpoon shot at you.
The harpoon shot hits you!
* * * LOW HITPOINT WARNING * * *
You are yanked forward by the harpoon shot.
Splash!
You fall into the shallow water.
Moving in this stuff is going to be slow.
The swamp worm bites you!
You die...

#.≈≈≈≈≈≈≈### #.# #.
##≈≈###≈≈..#####.# #.
#≈≈##≈##≈≈.....#.## #.
#≈≈≈#≈≈ #≈≈≈.##....## #.
#≈≈##≈≈ ##≈≈.##...>.# #.
#≈≈ ≈≈≈
#≈≈###....#######. #≈w
##≈≈..#.#.#........ ≈
#≈≈ #≈ww#.#.#.#.#######
#≈≈##≈##≈@.........#
#≈≈P≈≈≈w#######.###
#≈≈≈≈≈≈≈# #.# ##≈≈≈≈≈##
#)# ####### #.# #.#
###### #########
###)####..... #.......#
#...)..#.#...
#.#.###.####..........≈≈


You could see 3 swamp worms.

Vanquished Creatures
  The ghost of Dani the Chopper, an amateur PaEE of the Shining One (D:4)
  Edmund (D:4)
  An orc warrior (D:7)
  A phantom (D:6)
  2 sky beasts
  A black bear (D:7)
  5 ogres
  A centaur (D:6)
  Blork the orc (D:6)
  2 bullfrogs (D:6)
  A scorpion (D:5)
  5 killer bees (D:4)
  An electric eel (D:7)
  A howler monkey (D:6)
  4 hounds
  Crazy Yiuf (D:3)
  A jelly (D:6)
  3 orc priests
  2 orc wizards
  2 iguanas (D:4)
  7 worker ants
  12 adders
  An ufetubus (D:7)
  An ooze (D:6)
  An adder skeleton (D:6)
  8 worms
  A dart slug (D:1)
  5 leopard geckos
  36 orcs
  9 giant cockroaches
  8 goblins
  9 hobgoblins
  9 jackals
  9 kobolds
  4 quokkas
  9 bats
  10 frilled lizards
  10 rats
  A butterfly (D:6)
187 creatures vanquished.

Vanquished Creatures (collateral kills)
  A foxfire (D:6)
1 creature vanquished.

Vanquished Creatures (others)
  20 foxfires
  3 plants (D:7)
23 creatures vanquished.

Grand Total: 211 creatures vanquished

Notes
Turn   | Place    | Note
-------+----------+-------------------------------------------
     0 | D:1      | funkygono the Demonspawn Venom Mage began the quest for the
                  | Orb.
     0 | D:1      | Reached XP level 1. HP: 13/13 MP: 3/3
   108 | D:1      | Gained mutation: You are partially covered in iridescent
                  | scales. (AC +2) [demonic ancestry]
   108 | D:1      | Reached XP level 2. HP: 19/19 MP: 3/5
   118 | D:1      | Learned a level 2 spell: Poisonous Vapours
   884 | D:1      | Found a snail-covered altar of Cheibriados.
   998 | D:1      | Reached skill level 1 in Transmutations
  1173 | D:1      | Gained mutation: You are mostly covered in iridescent
                  | scales. (AC +4) [demonic ancestry]
  1173 | D:1      | Reached XP level 3. HP: 24/24 MP: 1/6
  1365 | D:1      | Learned a level 3 spell: Ignite Poison
  1847 | D:2      | Found an opulent altar of Gozag.
  2510 | D:2      | Gained mutation: You have sharp toenails. [demonic
                  | ancestry]
  2510 | D:2      | Reached XP level 4. HP: 30/30 MP: 3/8
  2645 | D:2      | Found a stormy altar of Qazlal.
  2731 | D:2      | Reached skill level 1 in Air Magic
  3026 | D:3      | Reached skill level 4 in Poison Magic
  3388 | D:3      | Found a radiant altar of Vehumet.
  3392 | D:3      | Became a worshipper of Vehumet
  3526 | D:3      | Reached XP level 5. HP: 35/35 MP: 5/9
  3530 | D:3      | Learned a level 3 spell: Mephitic Cloud
  4029 | D:3      | Found an ancient bone altar of Kikubaaqudgha.
  4359 | D:3      | Found a runed translucent door.
  4360 | D:3      | Noticed Crazy Yiuf
  4377 | D:3      | Killed Crazy Yiuf
  4936 | D:4      | Gained mutation: When hurt, damage is shared between your
                  | health and your magic reserves. [demonic ancestry]
  4936 | D:4      | Reached XP level 6. HP: 25/41 MP: 1/11
  5033 | D:4      | Reached * piety under Vehumet
  5033 | D:4      | Offered knowledge of Foxfire by Vehumet.
  5036 | D:4      | Learned a level 1 spell: Foxfire
  5191 | D:4      | Reached skill level 1 in Fire Magic
  5208 | D:4      | Reached skill level 1 in Conjurations
  5218 | D:4      | Gained mutation: You have razor-sharp toenails. [demonic
                  | ancestry]
  5218 | D:4      | Reached XP level 7. HP: 27/46 MP: 0/12
  5366 | D:4      | Found a shadowy altar of Dithmenos.
  5400 | D:4      | Found a runed translucent gate.
  5400 | D:4      | Found a runed translucent gate.
  5401 | D:4      | Found a runed translucent gate.
  5402 | D:4      | Noticed Dani's ghost (amateur PaEE)
  5425 | D:4      | Killed Dani's ghost
  6084 | D:4      | Reached skill level 5 in Poison Magic
  6176 | D:4      | Reached XP level 8. HP: 53/53 MP: 0/14
  6561 | D:4      | Found a staircase to the Ecumenical Temple.
  6792 | D:5      | Entered Level 5 of the Dungeon
  6832 | D:5      | Reached skill level 1 in Staves
  6862 | D:4      | Offered knowledge of Freeze by Vehumet.
  7093 | D:5      | Found Doakiuxu's Magic Scroll Shop.
  7211 | D:5      | Found an ornate altar of the Wu Jian Council.
  7226 | D:5      | Found a bloodstained altar of Trog.
  7258 | D:5      | Reached ** piety under Vehumet
  7402 | D:5      | Noticed Edmund
  7488 | D:4      | Killed Edmund
  7957 | D:6      | Noticed Blork the orc
  8023 | D:6      | Reached skill level 5 in Spellcasting
  8486 | D:6      | Reached XP level 9. HP: 58/58 MP: 11/16
  8577 | D:6      | Killed Blork the orc
  8578 | D:6      | Reached skill level 6 in Poison Magic
  8749 | D:6      | Found a shimmering altar of Xom.
  8935 | D:7      | Found a hide-covered altar of Uskayaw.
  9426 | D:7      | Offered knowledge of Conjure Flame by Vehumet.
 10073 | D:7      | Slain by a swamp worm

Illustrated notes

Levels and vault maps discovered:
D:1:      minmay_arrival_jagged, layout_loops_corners, serial_glass,
          glass_columns_a, glass_columns_b, cheibriados_altar_1
D:2:      layout_basic, nicolae_gozag_seed_capital, marbit_many_paths,
          minmay_vboxes
D:3:      layout_loops_corners, general_overflow_altar, vehumet_crystals,
          minmay_misc_feat_rows, uniq_crazy_yiuf_cottage
D:4:      kennysheep_spiral_hall, layout_basic, lemuel_crystal_altar,
          minmay_temple_entry_trees, ebering_ghost_rock_garden
D:5:      layout_rooms, gammafunk_temple_overflow_pools, serial_shops,
          nicolae_shop_statue_plus, uniq_edmund
D:6:      layout_loops_cross, xom_butterflies, uniq_blork_the_orc
D:7:      layout_loops_corners, kennysheep_mini, kennysheep_little_box,
          minivault_14, worms_lemuel

Skill      XL: |  1  2  3  4  5  6  7  8  9 |
---------------+----------------------------+-----
Stealth        | 2 |  2.7
Transmutations | 1 2 3 4 |  4.6
Air Magic      | 1 2 3 |  3.8
Poison Magic   | 4 5 6 |  6.6
Spellcasting   | 3 4 5 |  5.2
Fire Magic     | 1 2 3 |  3.1
Conjurations   | 1 3 4 |  4.5
Dodging        | 2 |  2.3
Staves         | 1 |  1.5
Fighting       | |  0.6
Maces & Flails | |  0.6

Action                   |  1- 3 |  4- 6 |  7- 9 || total
-------------------------+-------+-------+-------++-------
Melee: Club              |     5 |       |       ||     5
       Whip              |    40 |    49 |       ||    89
       Kick              |       |     7 |    22 ||    29
       Quarterstaff      |       |    15 |   117 ||   132
 Cast: Sting             |    72 |   111 |    88 ||   271
       Poisonous Vapours |    15 |     1 |     1 ||    17
       Ignite Poison     |       |     1 |    25 ||    26
       Mephitic Cloud    |       |       |    38 ||    38
       Foxfire           |       |       |    13 ||    13
  Use: Scroll            |     3 |     8 |     9 ||    20
       Potion            |       |     3 |       ||     3
 Stab: Confused          |       |       |     1 ||     1
       Paralysed         |       |       |     1 ||     1
Armor: Robe              |    12 |    57 |    73 ||   142
Dodge: Dodged            |    30 |    68 |   102 ||   200
